 Dungeon Crawl Stone Soup version 0.31.0-32-g396128a36d (webtiles) character file.

Game seed: 16595849084686114455

88 mainiacjoe the Vexing (level 4, 0/36 HPs)
             Began as a Deep Elf Hexslinger on Apr 3, 2024.
             Succumbed to an orc's poison
             ... on level 2 of the Dungeon.
             The game lasted 00:02:52 (1052 turns).

mainiacjoe the Vexing (Deep Elf Hexslinger)         Turns: 1052, Time: 00:02:53

Health: 0/36       AC:  3    Str:  5    XL:     4   Next: 29%
Magic:  2/8        EV: 13    Int: 20    God:
Gold:   59         SH:  0    Dex: 17    Spells: 1/6 levels left

rFire   . . .        b - +2 short sword (holy)
rCold   . . .        (no shield)
rNeg    . . .        c - +0 robe
rPois   .            (no helmet)
rElec   .            k - +0 cloak
rCorr   .            (no gloves)
SInv    .            (no boots)
Will    .....        (no amulet) Stlth
                     (no ring)
HPRegen 0.26/turn    (no ring)
MPRegen 0.11/turn

%: no passive effects
@: berserking, lethally poisoned (0 -> -8), very quick
A: no striking features
a: no special abilities


You were on level 2 of the Dungeon.
You visited 1 branch of the dungeon, and saw 2 of its levels.

You collected 59 gold pieces.

Inventory:

Hand Weapons
 a - a +0 shortbow
 b - a +2 short sword of holy wrath (weapon)
 d - a +1 sling
 f - the +1 spear "Cijolacore" {drain, rElec rC+ Dex-3}
   (You found it on level 2 of the Dungeon)

   Dex-3:     It affects your dexterity (-3).
   rC+:       It protects you from cold.
   rElec:     It insulates you from electricity.
Missiles
 e - 17 stones
 i - 6 poisoned darts
Armour
 c - a +0 robe (worn)
 k - a +0 cloak (worn)
Scrolls
 g - a scroll of poison
 m - a scroll of blinking
Potions
 h - a potion of berserk rage
 j - a potion of heal wounds {unknown}
 l - 2 potions of curing {unknown}


   Skills:
 - Level 0.7 Fighting
 + Level 4.7 Ranged Weapons
 - Level 2.4 Dodging
 - Level 1.5 Spellcasting
 + Level 5.6 Hexes
 - Level 1.1 Fire Magic


You had one spell level left.
You knew the following spells:

 Your Spells              Type           Power      Damage    Failure   Level
a - Jinxbite              Hex            46%        N/A       2%          2
b - Sigil of Binding      Hex            23%        N/A       4%          3

Your spell library contained the following spells:

 Spells                   Type           Power      Damage    Failure   Level
 Inner Flame              Hex/Fire       14%        N/A       13%         3
 Cause Fear               Hex            11%        N/A       17%         4
 Dimensional Bullseye     Hex/Tloc       6%         N/A       45%         4


Dungeon Overview and Level Annotations

Branches:
Dungeon (2/15)

Altars:


Message History

You inscribe a pair of binding sigils.
The orc throws a poisoned dart.
The poisoned dart hits you.
You are poisoned.
You feel sick.
The orc moves over your binding sigil and is bound in place!
You feel your willpower return.
You feel sick.
The orc throws a poisoned dart.
The poisoned dart hits you!
You are more poisoned.
You feel sick.
The orc throws a poisoned dart.
The poisoned dart hits you!
You are lethally poisoned!
You are too injured to fight recklessly!
You are too injured to fight recklessly!
You are too injured to fight recklessly!
You are too injured to fight recklessly!
Fire: a) +0 shortbow
Press: ? - help, Q - select action, (/) - cycle Shift-Dir - straight line, f - orc
Aim: an orc, wielding a +1 dagger of venom and quivering poisoned darts (bound in place, 62% to hit)
You shoot an arrow. The arrow hits the orc.
The orc is heavily wounded.
* * * LOW HITPOINT WARNING * * *
You feel very sick.
Fire: a) +0 shortbow
Press: ? - help, Q - select action, (/) - cycle Shift-Dir - straight line, f/p - orc
Aim: an orc, wielding a +1 dagger of venom and quivering poisoned darts (heavily wounded, bound in place, 62% to hit)
You shoot an arrow. The arrow hits the orc.
The orc is severely wounded.
* * * LOW HITPOINT WARNING * * *
You feel very sick.
The orc throws a poisoned dart.
The poisoned dart barely misses you.
The orc throws a poisoned dart.
The poisoned dart barely misses you.
Unknown command.
It was a potion of berserk rage.
A red film seems to cover your vision as you go berserk!
You feel yourself moving faster!
You feel mighty!
* * * LOW HITPOINT WARNING * * *
You feel sick.
Your +2 short sword of holy wrath softly glows with a divine radiance!
b - a +2 short sword of holy wrath (weapon)
You feel a strong urge to attack something.
You die...

##..#####. ..........
.###.#..... ....... ...# .# #.#
#....... .o.†...#...# ## .# #.#
###..... o#)#.#.)...# #..#.#
#.# #..... ..........>###.##.#
#.# ###.## .#.#.#.....##.....#
#.#####...##
.......†...##.#@#.#
#.##......##
.#.#.#.....##.....#
#.##.#.#..##
........†).##.#.#.#
#.##......##
..#####....##.o...#
#....#.#...#
.#####....)....#.###..#.....##.
.........###.#.#..>........###
# #..#####.#
#.#^.....#.####...... #.#
#.###....#.# #.###.# ... ..#
#......# #.#


You could see an orc (bound).

Vanquished Creatures
  An orc wizard (D:2)
  2 adders (D:2)
  An orc (D:2)
  2 ball pythons (D:1)
  4 endoplasms
  A giant cockroach (D:1)
  2 goblins
  6 hobgoblins (D:1)
  7 jackals
  3 kobolds
  2 quokkas
  2 bats (D:1)
  4 rats
37 creatures vanquished.

Notes
Turn   | Place    | Note
-------+----------+-------------------------------------------
     0 | D:1      | mainiacjoe the Deep Elf Hexslinger began the quest for the
                  | Orb.
     0 | D:1      | Reached XP level 1. HP: 11/11 MP: 5/5
   279 | D:1      | Reached XP level 2. HP: 16/16 MP: 6/6
   282 | D:1      | Learned a level 2 spell: Jinxbite
   662 | D:1      | Reached XP level 3. HP: 20/20 MP: 7/7
   666 | D:1      | Learned a level 3 spell: Sigil of Binding
   898 | D:2      | Reached skill level 5 in Hexes
   966 | D:2      | Identified the +1 spear "Cijolacore" {drain, rElec rC+
                  | Dex-3}
  1042 | D:2      | Reached XP level 4. HP: 15/24 MP: 4/8
  1051 | D:2      | HP: 1/36 [poisoned by an orc]
  1052 | D:2      | Succumbed to an orc's poison

Illustrated notes

Levels and vault maps discovered:
D:1:      saegor_arrival_fortress, layout_loops_ring
D:2:      layout_loops_ring, serial_glass, glass_columns_a, glass_columns_c,
          glass_columns_a, glass_columns_a, glass_columns_a, glass_columns_a,
          glass_columns_a, glass_columns_a, glass_columns_a, glass_columns_a,
          glass_columns_a, glass_columns_c, glass_columns_c, glass_columns_b,
          item_on_display_a, feat_on_display, minmay_strange_pillars,
          minmay_strange_pillars, uniq_natasha

Skill      XL: |  1  2  3 |
---------------+----------+-----
Ranged Weapons | 3 4 |  4.7
Hexes          | 5 |  5.6
Fighting       | |  0.7
Dodging        | |  2.4
Spellcasting   | |  1.5
Fire Magic     | |  1.1

Action                     |  1- 3 |  4- 6 || total
---------------------------+-------+-------++-------
   Fire: Shortbow          |   109 |     2 ||   111
   Cast: Jinxbite          |     2 |       ||     2
         Sigil of Binding  |     1 |     1 ||     2
    Use: Scroll            |     4 |       ||     4
         Potion            |       |     1 ||     1
 Armour: Robe              |    34 |       ||    34
  Dodge: Dodged            |    32 |     2 ||    34
